 Dungeon Crawl Stone Soup version 0.28-a0-861-ge64d6db94f (webtiles) character file.

Game seed: 18277407354493775081

29651 bande the Cleaver (level 13, -2/81 HPs)
             Began as a Gargoyle Fighter on Nov 16, 2021.
             Was the Champion of Okawaru.
             Slain by a fire dragon (6 damage)
             ... on level 6 of the Lair of Beasts.
             The game lasted 00:30:04 (15348 turns).

bande the Cleaver (Gargoyle Fighter)               Turns: 15348, Time: 00:30:05

Health: -2/81      AC: 24    Str: 21    XL:     13   Next: 46%
Magic:  19/19      EV:  9    Int: 16    God:    Okawaru [******]
Gold:   1144       SH:  8    Dex: 18    Spells: 12/12 levels left

rFire   . . .      SeeInvis .   t - +0 broad axe (flame)
rCold   . . .      Faith    .   c - +1 buckler
rNeg    + + .      Spirit   .   l - +1 pearl dragon scales
rPois   ∞          Reflect  .   k - +2 helmet
rElec   +          Harm     .   B - scarf {repulsion}
rCorr   .          Rampage  .   (no gloves)
Will    .....                   (no boots)
Stlth   ..........              p - amulet of regeneration
HPRegen 1.23/turn               j - +6 ring of intelligence
MPRegen 0.16/turn               h - +6 ring of dexterity

@: corroded, repel missiles, very slow
A: sickness immunity, AC +9, negative energy resistance 1, electricity
resistance, torment resistance 1, petrification resistance
a: Renounce Religion, Heroism, Finesse, Duel


You were on level 6 of the Lair of Beasts.
You worshipped Okawaru.
Okawaru was exalted by your worship.
You visited 4 branches of the dungeon, and saw 17 of its levels.
You also visited: Ossuary.

You collected 1144 gold pieces.

Inventory:

Hand Weapons
 a - a +1 war axe
 t - a +0 broad axe of flaming (weapon)
Armour
 c - a +1 buckler (worn)
 g - a +0 cloak
 k - a +2 helmet (worn)
 l - +1 pearl dragon scales (worn)
 A - a +0 tower shield
 B - a scarf of repulsion (worn)
Jewellery
 h - a +6 ring of dexterity (right hand)
 i - an amulet of the acrobat
 j - a +6 ring of intelligence (left hand)
 p - an amulet of regeneration (around neck)
 G - a ring of magical power
Wands
 v - a wand of paralysis (11)
 x - a wand of iceblast (12)
 D - a wand of flame (31)
 H - a wand of polymorph (13)
Scrolls
 b - a scroll of enchant weapon
 e - a scroll of amnesia
 r - a scroll of blinking
 s - 2 scrolls of enchant armour
 u - 7 scrolls of fog
 w - 2 scrolls of fear
 y - 3 scrolls of silence
 C - a scroll of teleportation
 E - a scroll of identify
 K - a scroll of brand weapon
Potions
 d - a potion of might
 f - 7 potions of curing
 m - a potion of resistance
 n - 3 potions of haste
 o - 2 potions of flight
 q - 3 potions of brilliance
 z - 3 potions of cancellation
 F - a potion of invisibility
 J - a potion of mutation
Miscellaneous
 I - a condenser vane


   Skills:
 + Level 9.6 Fighting
 + Level 13.0 Axes
 + Level 10.4 Armour
 + Level 8.6 Shields
 * Level 8.6 Invocations
 * Level 7.0 Evocations


You had 12 spell levels left.
You didn't know any spells.
Your spell library contained the following spells:

 Spells                   Type           Power      Damage    Failure   Level
 Foxfire                  Conj/Fire      0%         2x1d4     56%         1
 Magic Dart               Conj           0%         1d3       56%         1
 Sandblast                Erth           0%         2d4       56%         1
 Shock                    Conj/Air       0%         1d3       56%         1
 Passwall                 Tmut/Erth      0%         N/A       71%         2
 Searing Ray              Conj           0%         2d4       71%         2
 Conjure Flame            Conj/Fire      0%         6-21      90%         3
 Gell's Gravitas          Tloc           0%         N/A       90%         3
 Inner Flame              Hex/Fire       0%         N/A       90%         3
 Stone Arrow              Conj/Erth      0%         3d7       90%         3
 Swiftness                Air            0%         N/A       90%         3
 Teleport Other           Tloc           0%         N/A       90%         3
 Airstrike                Air            0%         N/A       100%        4
 Flame Wave               Conj/Fire      0%         3d3       100%        4
 Fulminant Prism          Conj/Hex       0%         3d6       100%        4
 Dispersal                Tloc           0%         N/A       100%        6


Dungeon Overview and Level Annotations

Branches:
Dungeon (9/15)             Temple (1/1) D:6            Lair (6/6) D:8
  Swamp (0/4) Lair:2        Snake (1/4) Lair:3        Slime (0/5) Lair:6
Ossuary (visited)
    Orc: D:9-12

Altars:
Ashenzari
Cheibriados
Dithmenos
Elyvilon
Fedhas
Gozag
Hepliaklqana
Kikubaaqudgha
Makhleb
Nemelex Xobeh
Okawaru
Qazlal
Ru
Sif Muna
Trog
Uskayaw
Vehumet
Wu Jian
Xom
Yredelemnul
Zin
The Shining One
Jiyva

Shops:
D:1 !   D:9 ?

Annotations:
D:7 2 transporters, Grum; scottley's ghost, novice TrMo
Lair:1 2 transporters


Innate Abilities, Weirdness & Mutations

You are immune to sickness and miasma.
Your stone body is resilient. (AC +9)
You are immune to poison.
You resist negative energy. (rN+)
You are resistant to electric shocks. (rElec)
You are resistant to unholy torment.
You are immune to petrification.


Message History

The acid dragon roars!
The acid dragon spits acid at you.
The splash of acid hits you but does no damage.
The acid corrodes you!
An acid dragon is nearby!
You enter the shallow water.
Moving in this stuff is going to be slow.
The fire dragon roars deafeningly!
You hear a deafening roar!
You enter the shallow water.
Moving in this stuff is going to be slow.
Found 20 arrows.
The fire dragon breathes flames at you. The blast of flame hits you!!
The acid dragon spits acid at you. The splash of acid misses you.
You hit the acid dragon. You burn the acid dragon.
The acid dragon is moderately wounded.
You are engulfed in a cloud of scalding steam.
The acid dragon bites you. You block the acid dragon's attack.
You slice the acid dragon!! You burn the acid dragon!
You kill the acid dragon!
Okawaru accepts your kill.
You are engulfed in a cloud of scalding steam.
The swamp dragon breathes poison at you.
The blast of poison is repelled.
Unknown command.
Why would you want to do that?
Unknown command.
Your pearl dragon scales prevents you from hitting the fire dragon.
The fire dragon breathes flames at you. The blast of flame hits you!!!
* * * LOW HITPOINT WARNING * * *
Unknown command.
Your unstable footing causes you to fumble your attack.
The swamp dragon breathes poison at you.
The blast of poison engulfs you but does no damage.
You resist. The fire dragon bites you.
* * * LOW HITPOINT WARNING * * *
The fire dragon claws you.
You die...

#........# #.....
##......## ##...#
######## #.....
♣♣♣♣♣♣♣♣ ###..÷
♣♣..P..P♣♣ ♣♣♣♣..
♣..P.≈≈≈≈♣♣♣♣.♣♣.≈
♣♣☼.≈≈≈≈≈.♣♣...♣♣..
♣☼☼§○.♣♣≈≈.♣♣..♣♣♣.
♣○@D§..♣♣♣≈..♣..♣)≈
♣☼☼☼☼.♣♣.....♣..♣.≈
♣☼D☼○≈.♣♣.≈..♣♣♣≈≈.
♣≈☼☼≈≈≈♣♣♣.≈..♣♣≈♣.
♣≈≈≈≈≈≈.♣♣..≈♣♣..♣.
♣≈≈≈≈..♣♣♣♣..≈≈≈♣♣.
♣.≈≈≈≈.$ ♣♣..≈.P.P
♣♣.≈≈≈≈.( ♣♣≈≈P...
♣...♣.♣


You could see a fire dragon (catching breath) and a swamp dragon (catching
breath).

Vanquished Creatures
  2 hydras
  A catoblepas (Lair:3)
  A bog body (Lair:2)
  2 black mambas
  9 elephants
  A guardian serpent (Lair:3)
  9 cane toads
  3 torpor snails
  2 rime drakes
  3 kobold demonologists (D:9)
  4 komodo dragons
  A hornet (D:9)
  21 blink frogs
  7 dream sheep (Lair:5)
  Sigmund (D:6)
  27 yaks
  4 wyverns
  3 steam dragons (Lair:6)
  3 basilisks
  Menkaure (D:6)
  An acid dragon (Lair:6)
  13 water moccasins
  3 swamp drakes (Lair:6)
  2 black bears (D:6)
  2 necrophages
  An ogre (D:5)
  12 wolves
  A centaur (D:6)
  A phantom (D:4)
  3 kobold brigands
  Blork the orc (D:5)
  11 bullfrogs
  A gnoll sergeant (D:8)
  4 scorpions
  A water moccasin zombie (D:5)
  10 killer bees
  An electric eel (Lair:2)
  7 howler monkeys (D:8)
  2 centaur zombies (D:5)
  6 hounds
  2 centaur skeletons
  2 bullfrog skeletons
  3 orc wizards
  9 iguanas
  6 hell rats
  2 killer bee zombies
  8 mummies (Ossuary)
  13 gnolls
  7 adders
  A howler monkey skeleton (D:7)
  2 worms
  2 dart slugs
  22 orcs
  11 ball pythons
  7 bats
  5 endoplasms
  2 giant cockroaches
  8 goblins
  9 hobgoblins
  8 jackals
  8 quokkas
  5 frilled lizards
  2 gnoll zombies (Ossuary)
  A goblin zombie (D:8)
  A hobgoblin zombie (Ossuary)
  19 kobolds
  4 kobold zombies
  2 orc zombies (Ossuary)
  7 rats
  A rat zombie (D:8)
367 creatures vanquished.

Vanquished Creatures (others)
  Erica (Lair:2)
  2 iguanas (Lair:6)
  40 fungi
  56 plants
99 creatures vanquished.

Grand Total: 466 creatures vanquished

Notes
Turn   | Place    | Note
-------+----------+-------------------------------------------
     0 | D:1      | bande the Gargoyle Fighter began the quest for the Orb.
     0 | D:1      | Reached XP level 1. HP: 14/14 MP: 1/1
    14 | D:1      | Found Imucobin's Distillery.
   141 | D:1      | Reached XP level 2. HP: 19/19 MP: 2/2
   424 | D:1      | Reached skill level 2 in Axes
   597 | D:1      | Found a faded altar of an unknown god.
   604 | D:1      | Reached XP level 3. HP: 22/24 MP: 3/3
   909 | D:2      | Reached XP level 4. HP: 17/29 MP: 4/4
  1452 | D:3      | Reached skill level 3 in Axes
  1636 | D:3      | Reached XP level 5. HP: 33/33 MP: 5/5
  1672 | D:3      | Found a white marble altar of Elyvilon.
  1672 | D:3      | Found a sparkling altar of Nemelex Xobeh.
  1675 | D:3      | Found a hazy altar of Hepliaklqana.
  2888 | D:4      | Noticed a phantom
  2906 | D:4      | Killed a phantom
  2907 | D:4      | Reached skill level 4 in Axes
  2907 | D:4      | Reached XP level 6. HP: 12/38 MP: 6/6
  3540 | D:4      | Reached XP level 7. HP: 44/44 MP: 7/7
  3601 | D:4      | Reached skill level 5 in Axes
  3641 | D:4      | Reached skill level 5 in Armour
  3876 | D:5      | Entered Level 5 of the Dungeon
  4089 | D:5      | Reached skill level 5 in Shields
  4136 | D:5      | Identified the +1 robe "Vosh" {rN++ rCorr Str+8 Dex-5}
  4193 | D:5      | Reached skill level 5 in Fighting
  4193 | D:5      | Reached XP level 8. HP: 40/49 MP: 8/8
  4261 | D:5      | Reached skill level 6 in Axes
  4628 | D:5      | Noticed Blork the orc
  4637 | D:5      | Killed Blork the orc
  4642 | D:5      | Reached skill level 7 in Axes
  4851 | D:6      | Noticed Sigmund
  4872 | D:6      | Killed Sigmund
  4873 | D:6      | Reached XP level 9. HP: 50/55 MP: 9/9
  5334 | D:6      | Found a staircase to the Ecumenical Temple.
  5345 | Temple   | Entered the Ecumenical Temple
  5393 | Temple   | Became a worshipper of Warmaster Okawaru
  5610 | D:6      | Noticed Menkaure
  5618 | D:6      | Killed Menkaure
  5619 | D:6      | Reached skill level 8 in Axes
  5791 | D:6      | Reached skill level 1 in Invocations
  6079 | D:7      | Reached skill level 1 in Evocations
  6266 | D:7      | Noticed scottley's ghost (novice TrMo)
  6315 | D:7      | Found a transporter.
  6318 | D:7      | Found a transporter.
  6338 | D:7      | Noticed Grum
  6674 | D:8      | Found a sand-covered staircase.
  6704 | Ossuary  | Entered an ossuary
  7061 | D:8      | Reached * piety under Okawaru
  7067 | D:8      | Reached skill level 9 in Axes
  7074 | D:8      | Reached XP level 10. HP: 24/61 MP: 10/12
  7286 | D:8      | Reached ** piety under Okawaru
  7408 | D:8      | Found a staircase to the Lair.
  7459 | D:8      | You fall into a shaft and drop 1 floor!
  7459 | D:9      | Found Xetem's Magic Scroll Emporium.
  7568 | D:9      | Noticed a kobold demonologist
  7571 | D:9      | Noticed a kobold demonologist
  7572 | D:9      | Noticed a kobold demonologist
  7597 | D:9      | Killed a kobold demonologist
  7599 | D:9      | Killed a kobold demonologist
  7599 | D:9      | Reached *** piety under Okawaru
  7601 | D:9      | HP: 3/94 [hellwing[a kobold demonologist] (5)]
  7603 | D:9      | Killed a kobold demonologist
  8012 | D:8      | Found a glowing silver altar of Zin.
  8257 | Lair:1   | Entered Level 1 of the Lair of Beasts
  8369 | Lair:1   | Reached skill level 10 in Axes
  8377 | Lair:1   | Found a transporter.
  8386 | Lair:1   | Found a shadowy altar of Dithmenos.
  8473 | Lair:1   | Reached XP level 11. HP: 24/67 MP: 14/14
  8477 | Lair:1   | Reached **** piety under Okawaru
  8483 | Lair:1   | Reached skill level 5 in Invocations
  8751 | Lair:1   | Found a transporter.
  9064 | Lair:1   | Received a gift from Okawaru
  9738 | Lair:2   | Noticed a bog body
  9739 | Lair:2   | Found a staircase to the Swamp.
  9751 | Lair:2   | Killed a bog body
  9751 | Lair:2   | Reached ***** piety under Okawaru
  9792 | Lair:2   | Noticed Erica
  9808 | Lair:2   | Killed Erica
 10546 | Lair:3   | Found a staircase to the Snake Pit.
 10588 | Lair:3   | Reached skill level 11 in Axes
 10644 | Lair:3   | Noticed a catoblepas
 10658 | Lair:3   | Killed a catoblepas
 10659 | Lair:3   | Reached skill level 5 in Evocations
 11154 | Lair:3   | Found a dark tunnel.
 11393 | Snake:1  | Entered Level 1 of the Snake Pit
 11568 | Lair:4   | Reached XP level 12. HP: 14/73 MP: 16/16
 12423 | Lair:4   | Received a gift from Okawaru
 13150 | Lair:5   | Noticed a seven-headed hydra
 13188 | Lair:5   | Killed a two-headed hydra
 13210 | Lair:5   | Reached skill level 12 in Axes
 13285 | Lair:5   | Reached ****** piety under Okawaru
 13534 | Lair:5   | Reached skill level 10 in Armour
 13638 | Lair:5   | Reached XP level 13. HP: 65/80 MP: 18/18
 13757 | Lair:6   | Entered Level 6 of the Lair of Beasts
 13918 | Lair:6   | Found a viscous altar of Jiyva.
 13919 | Lair:6   | Found a staircase to the Slime Pits.
 14759 | Lair:6   | Received a gift from Okawaru
 14951 | Lair:6   | Reached skill level 13 in Axes
 15030 | Lair:6   | Noticed a fire dragon
 15348 | Lair:6   | HP: 4/81 [fire dragon (3)]
 15348 | Lair:6   | Slain by a fire dragon

Illustrated notes

Levels and vault maps discovered:
D:1:      ebering_hopf_link, layout_basic, nicolae_ecumenical_snake_handling,
          serial_shops, shop, minmay_surrounded
D:2:      minmay_door_path, layout_basic
D:3:      layout_loops_ring, grunt_temple_overflow_open
D:4:      layout_basic, minivault_1
D:5:      layout_loops_ring, portal_sewer_entry_d, uniq_blork_the_orc
D:6:      layout_gridville, minmay_temple_entry_ruins, uniq_menkaure,
          uniq_sigmund
D:7:      layout_basic, gammafunk_ghost_gnarly_gnolls
D:8:      nicolae_cairo_tiling_very_big, layout_basic, kennysheep_little_box,
          david_lair_generic, enter_ossuary_3
D:9:      layout_irregular_city, serial_shops, shop_scrolls
Temple:   compressed_dpeg_circular_temple
Lair:1:   gammafunk_worm_tunnel, layout_long_grid, basic_altar,
          beast_lair_carwin_5
Lair:2:   layout_concentric_octagons, skrybe_swamp_entry_bodies,
          lemuel_fruit_tree, serial_bayou_shore_a, uniq_erica
Lair:3:   layout_concentric_octagons, minmay_snake_entry_spellcaster,
          enter_volcano_1
Lair:4:   layout_loops_ring, chequers_serial_rivers_large_b
Lair:5:   layout_loops_ring
Lair:6:   guppyfry_lair_end_dragon, layout_gridlike, slime_altar_1
Snake:1:  layout_grid_maze, special_room, uniq_asterion, uniq_azrael, uniq_aizul

Skill      XL: |  1  2  3  4  5  6  7  8  9 10 11 12 13 |
---------------+----------------------------------------+-----
Axes           | 2 3 4 5 7 9 10 11 12 13 | 13.0
Fighting       | 4 5 6 7 8 9 |  9.6
Armour         | 4 5 6 7 9 10 | 10.4
Shields        | 4 5 6 7 8 |  8.6
Invocations    | 2 4 6 7 8 |  8.6
Evocations     | 2 3 5 6 7 |  7.0

Action                   |  1- 3 |  4- 6 |  7- 9 | 10-12 | 13-15 || total
-------------------------+-------+-------+-------+-------+-------++-------
Melee: War axe           |    95 |   168 |   447 |   316 |       ||  1026
       Broad axe         |       |       |       |   333 |   219 ||   552
  Use: Scroll            |     3 |     9 |     6 |     8 |     2 ||    28
       Potion            |       |       |       |     5 |     1 ||     6
Armor: Scale mail        |    52 |    28 |       |       |       ||    80
       Chain mail        |       |    57 |   331 |    78 |       ||   466
       Plate armour      |       |       |       |   510 |   118 ||   628
       Pearl dragon scal |       |       |       |       |    46 ||    46
Dodge: Dodged            |    53 |    65 |   179 |   239 |    69 ||   605
       Repelled          |       |       |       |       |     1 ||     1
Block: Buckler           |    26 |    54 |   137 |   272 |    75 ||   564

Table legend: (Time is in decaauts)
 A = Elapsed time spent in this place.
 B = Non-inter-level travel time spent in this place.
 C = Inter-level travel time spent in this place.
 D = Time resting spent in this place.
 E = Time spent auto-exploring this place.
 F = Levels seen in this place.
 G = Mean time per level.
                   A        B        C        D        E       F      G
               +--------+--------+--------+--------+--------+-----+--------+
         Total |  15674 |  15401 |    273 |   2513 |   8931 |  18 |  870.8 |
       Dungeon |   8130 |   7880 |    250 |    895 |   4936 |   9 |  903.3 |
        Temple |     84 |     84 |      0 |      0 |     30 |   1 |   84.0 |
          Lair |   7211 |   7188 |     23 |   1618 |   3869 |   6 | 1201.8 |
     Snake Pit |     24 |     24 |      0 |      0 |      0 |   1 |   24.0 |
       Ossuary |    224 |    224 |      0 |      0 |     96 |   1 |  224.0 |
               +--------+--------+--------+--------+--------+-----+--------+

Top non-repeatable levels by time:
  Lair:6: 1609 daAuts
  Lair:3: 1479 daAuts
     D:2: 1360 daAuts
  Lair:1: 1309 daAuts
     D:6: 1151 daAuts
     D:8: 1095 daAuts
  Lair:4: 1032 daAuts
     D:4: 1026 daAuts
     D:5: 1010 daAuts
  Lair:2: 1009 daAuts
     D:3: 833 daAuts
  Lair:5: 770 daAuts
     D:1: 753 daAuts
     D:7: 588 daAuts
     D:9: 310 daAuts
